Map: Lerilak Crest

Players

LilDicky - Winner!

  • Race: Terran Terran
  • League: Diamond

PythoN

  • Race: Protoss Protoss
  • League: Platinum

VOD

http://www.twitch.tv/tumescentpie

Description

Time

  • Played on: Dec. 2, 2015, 1:47 p.m.
  • Length: 7:22
Show
View Real Time Build Order
Export as new Build Order

LilDicky Terran - Winner!

Build Orders: MMM Bio 

Get SALT Encoding   

  12  0:01  SCV  
  13  0:14  SCV  
  13  0:17  Supply Depot  
  14  0:26  SCV  
  15  0:31  Refinery  
  15  0:39  SCV  
  16  0:46  Barracks  
  16  0:53  SCV  
  17  1:05  SCV  
  18  1:17  SCV  
  19  1:29  SCV  
  20  1:34  Marine  
  20  1:38  Supply Depot  
  21  1:41  Orbital Command  
  21  1:46  Factory  
  21  1:52  Marine  
  22  1:59  Barracks  
  22  2:06  Barracks  
  22  2:10  SCV  
  23  2:17  Refinery  
  23  2:19  Barracks Reactor  
  23  2:30  SCV  
  24  2:46  Widow Mine  
  24  2:47  SCV  
  24  2:49  Barracks Tech Lab  
  27  2:52  Barracks Tech Lab  
  27  3:00  SCV  
  27  3:04  Marine x2  
  30  3:08  Supply Depot  
  30  3:12  SCV  
  31  3:13  Combat Shields, Stimpack  
  31  3:29  Marine x3, Widow Mine  
  31  3:30  Marine  
  31  3:32  Supply Depot  
  36  3:41  SCV  
  36  3:48  Marauder  
  39  3:49  Supply Depot  
  39  3:53  SCV  
  39  3:54  Marauder  
  42  3:58  Widow Mine  
  44  4:11  Marine  
  44  4:12  Marauder, Marine  
  48  4:29  Marine x2, Marauder  
  52  4:38  Concussive Shells  
  50  4:39  Marine  
  50  4:40  SCV  
  52  4:47  Marine  
  52  4:50  Hellion, Marauder  
  55  5:02  Marine  
  55  5:03  Marauder  
  55  5:06  Starport  
  58  5:11  Marauder  
  60  5:20  Hellion  
  58  5:24  Marauder  
  49  5:49  Marine x2  
  46  5:50  Marauder x2  
  46  5:52  Medivac  
  50  6:04  Command Center  
  50  6:05  Widow Mine  
  50  6:06  SCV  
  53  6:15  Marauder x2  
  53  6:16  Marine  
  58  6:18  SCV  
  59  6:45  Marauder x2  
  63  6:51  Marine x2  
  63  6:53  Supply Depot  
Show
View Real Time Build Order
Export as new Build Order

PythoN Protoss 

Build Orders: Nexus First 

Get SALT Encoding   

  12  0:01  Probe (Chrono Boost)  
  13  0:12  Probe (Chrono Boost)  
  14  0:22  Probe (Chrono Boost)  
  14  0:27  Pylon  
  15  0:45  Probe (Chrono Boost)  
  16  0:55  Probe (Chrono Boost)  
  17  1:03  Nexus  
  17  1:10  Probe (Chrono Boost)  
  18  1:21  Probe (Chrono Boost)  
  19  1:28  Gateway  
  19  1:29  Pylon  
  19  1:31  Probe (Chrono Boost)  
  20  1:42  Probe (Chrono Boost)  
  21  1:51  Assimilator  
  21  1:52  Assimilator  
  21  1:53  Probe (Chrono Boost)  
  22  2:03  Probe (Chrono Boost)  
  23  2:16  Cybernetics Core  
  23  2:18  Probe x2 (Chrono Boost)  
  23  2:20  Zealot  
  27  2:36  Gateway  
  27  2:40  Gateway  
  27  2:42  Probe x2 (Chrono Boost), Warp Gate (Chrono Boost)  
  29  2:51  Probe (Chrono Boost)  
  29  2:52  Probe (Chrono Boost)  
  31  3:01  Probe  
  31  3:04  Probe (Chrono Boost)  
  31  3:05  Adept  
  35  3:14  Probe (Chrono Boost)  
  35  3:16  Mothership Core (Chrono Boost)  
  37  3:27  Probe (Chrono Boost)  
  37  3:28  Adept x2  
  41  3:35  Probe (Chrono Boost)  
  41  3:36  Robotics Facility  
  42  3:44  Adept  
  42  3:47  Probe (Chrono Boost)  
  43  3:55  Adept  
  43  4:02  Pylon  
  41  4:11  Probe (Chrono Boost)  
  41  4:12  Probe (Chrono Boost)  
  41  4:15  Adept  
  45  4:20  Adept  
  45  4:21  Probe (Chrono Boost)  
  48  4:24  Observer  
  40  4:49  Probe (Chrono Boost)  
  40  4:51  Probe (Chrono Boost)  
  39  5:00  Probe (Chrono Boost)  
  39  5:03  Probe (Chrono Boost)  
  39  5:05  Adept x3  
  47  5:23  Probe (Chrono Boost)  
  47  5:25  Probe (Chrono Boost)  
  43  5:42  Stalker x2  
  43  5:43  Stalker  
  42  5:51  Probe (Chrono Boost)  
  42  5:52  Probe (Chrono Boost)  
  43  6:01  Probe (Chrono Boost)  
  45  6:05  Probe (Chrono Boost)  
  45  6:08  Stalker x2  
  49  6:11  Adept  
  49  6:12  Probe (Chrono Boost)  
  49  6:17  Probe (Chrono Boost)  
  53  6:22  Probe (Chrono Boost)  
  54  6:39  Probe (Chrono Boost), Pylon  
  54  6:41  Probe (Chrono Boost)  
  54  6:57  Mothership Core (Chrono Boost)  
  54  6:58  Gateway  
  54  6:59  Gateway  
  54  7:00  Pylon  
Tags
 
Add a new tag
Caveats
  • Supply blocks, unpowered buildings, or Contaminate may cause inaccurate times.
  • Supply counts are checked every 10 seconds.